 Dungeon Crawl Stone Soup version 0.21.0-3-g78d12a8 (webtiles) character file.

8632 mortelune the Destroyer (level 11, -13/84 HPs)
             Began as a Green Draconian Fire Elementalist on Jan 17, 2018.
             Was a Follower of Ashenzari.
             Hit by a large rock thrown by a cyclops (24 damage)
             ... on level 11 of the Dungeon.
             The game lasted 00:41:36 (19140 turns).

mortelune the Destroyer (DrFE)                     Turns: 19140, Time: 00:41:37

Health: -13/84     AC:  8    Str: 11    XL:     11   Next: 12%
Magic:  6/22       EV: 11    Int: 19    God:    Ashenzari [*.....]
Gold:   94         SH:  3    Dex: 11    Spells: 6/25 levels left

rFire    + . .     SeeInvis +   s - +3 long sword (holy)
rCold    x . .     Gourm    .   Q - +0 buckler of Fyonnek {+Fly MR+}
rNeg     . . .     Faith    .   (armour unavailable)
rPois    +         Spirit   .   (helmet restricted)
rElec    .         Reflect  .   (no cloak)
rCorr    .         Harm     .   d - +0 pair of gloves
MR       +....                  (no boots)
Stlth    ++........             (no amulet)
HPRegen  0.24/turn              L - ring of see invisible
MPRegen  0.18/turn              l - ring of fire (curse)

@: no status effects
A: breathe noxious fumes, unfitting armour, poison resistance, cold-blooded, AC
+7
a: Breathe Noxious Fumes, Curse Item, Scrying, Renounce Religion, Evoke Flight


You were on level 11 of the Dungeon.
You worshipped Ashenzari.
Ashenzari was aware of your devotion.
You were not hungry.

You visited 1 branch of the dungeon, and saw 11 of its levels.

You collected 521 gold pieces.
You spent 427 gold pieces at shops.

Inventory:

Hand Weapons
 j - a +0 dagger of flaming
 s - a +3 long sword of holy wrath (weapon)
Missiles
 O - 3 throwing nets (quivered)
Armour
 d - a +0 pair of gloves (worn)
 Q - the +0 buckler of Fyonnek (worn) {+Fly MR+}
   (You bought it in a shop on level 4 of the Dungeon)

   It affects your resistance to hostile enchantments.
   It lets you fly.
Jewellery
 e - an uncursed ring of loudness
 f - an uncursed ring of ice
 l - a cursed ring of fire (right hand)
 C - an uncursed ring of flight
 K - an uncursed ring of protection from cold
 L - a ring of see invisible (left hand)
 M - an uncursed ring of stealth
Wands
 p - a wand of iceblast (8)
 q - a wand of flame (54)
 t - a wand of polymorph (10)
 w - a wand of paralysis (10)
 H - a wand of acid (8)
Scrolls
 c - 8 scrolls of teleportation
 h - a scroll of enchant armour
 k - a scroll of immolation
 m - 2 scrolls of magic mapping
 E - a scroll of fog {unknown}
 G - a scroll of fear
 N - a scroll of enchant weapon
 P - a scroll of summoning {unknown}
Potions
 g - a potion of invisibility
 i - 2 potions of flight
 o - 3 potions of curing
 r - 2 potions of haste
 u - 2 potions of mutation
 v - a potion of agility {unknown}
 x - a potion of magic {unknown}
 z - 5 potions of lignification
 D - 2 potions of degeneration
 F - 4 potions of might
 J - a potion of brilliance
Books
 a - a book of Flames

   Spells                             Type                      Level
   a - Flame Tongue                   Conjuration/Fire             1
   b - Throw Flame                    Conjuration/Fire             2
   c - Conjure Flame                  Conjuration/Fire             3
   d - Inner Flame                    Hexes/Fire                   3
   e - Sticky Flame                   Conjuration/Fire             4
   f - Fireball                       Conjuration/Fire             5
 n - a book of Necromancy

   Spells                             Type                      Level
   a - Pain                           Necromancy                   1
   b - Animate Skeleton               Necromancy                   1
   c - Vampiric Draining              Necromancy                   3
   d - Regeneration                   Charms/Necromancy            3
   e - Animate Dead                   Necromancy                   4
   f - Borgnjor's Vile Clutch         Necromancy/Earth             5
 A - a book of Conjurations

   Spells                             Type                      Level
   a - Magic Dart                     Conjuration                  1
   b - Searing Ray                    Conjuration                  2
   c - Dazzling Spray                 Conjuration/Hexes            3
   d - Fulminant Prism                Conjuration/Hexes            4
   e - Force Lance                    Conjuration/Translocation    4
   f - Iskenderun's Mystic Blast      Conjuration                  4
 B - a book of Power

   Spells                             Type                      Level
   a - Iskenderun's Battlesphere      Conjuration/Charms           5
   b - Venom Bolt                     Conjuration/Poison           5
   c - Bolt of Magma                  Conjuration/Fire/Earth       5
   d - Iron Shot                      Conjuration/Earth            6
   e - Orb of Destruction             Conjuration                  7
   f - Spellforged Servitor           Conjuration/Summoning        7
 I - a book of Callings

   Spells                             Type                      Level
   a - Summon Small Mammal            Summoning                    1
   b - Call Imp                       Summoning                    2
   c - Call Canine Familiar           Summoning                    3
   d - Summon Guardian Golem          Hexes/Summoning              3
   e - Summon Lightning Spire         Summoning/Air                4
   f - Summon Ice Beast               Ice/Summoning                4
Comestibles
 b - 15 rations


   Skills:
 + Level 4.2 Fighting
 - Level 1.7 Dodging
 - Level 1.7 Stealth
 * Level 1.2 Shields
 + Level 7.8 Spellcasting
 + Level 11.0 Conjurations
 * Level 5.0 Summonings
 - Level 8.8 Fire Magic


You had 6 spell levels left.
You knew the following spells:

 Your Spells              Type           Power        Failure   Level  Hunger
a - Flame Tongue          Conj/Fire      #####        1%          1    None
b - Throw Flame           Conj/Fire      ######       1%          2    None
c - Conjure Flame         Conj/Fire      ######..     1%          3    #......
d - Sticky Flame          Conj/Fire      ######..     2%          4    ###....
e - Fireball              Conj/Fire      ######....   6%          5    #####..
f - Summon Lightning Spi  Summ/Air       ###.....     43%         4    ###....


Dungeon Overview and Level Annotations

Branches:
Dungeon (11/15)            Temple (0/1) D:7
   Lair: D:8-11         Orc: D:9-12

Altars:
Ashenzari
Cheibriados
Gozag
Kikubaaqudgha
Nemelex Xobeh
Okawaru
Yredelemnul
Zin
The Shining One

Shops:
D:4 *[?

Annotations:
D:3 2 transporters, Rhok's ghost, amateur DsGl
D:6 exclusion: downstairs
D:8 2 transporters


Innate Abilities, Weirdness & Mutations

You can breathe blasts of noxious fumes.
Your lurid green scales are hard. (AC +7)
You cannot fit into any form of body armour.
Your system is resistant to poisons. (rPois)
You are cold-blooded and may be slowed by cold attacks.


Message History

A wraith comes into view.
You eat one of the 16 rations.
That ration really hit the spot!
The cyclops throws a large rock.
The large rock hits you!!
* * * LOW HITPOINT WARNING * * *
Casting: Fireball
Confirm with . or Enter, or press ? or * to list all spells.
Aiming: Fireball
Press: ? - help, Shift-Dir - straight line, f/p - cyclops
Aim: a cyclops (heavily wounded)
You feel a surge of power!
The fireball explodes!
The fireball engulfs the cyclops.
The cyclops is severely wounded.
The fireball engulfs the big kobold.
The big kobold is heavily wounded.
You hear a roar!
You hear a shout!
The orc priest mumbles some strange prayers to Beogh against you.
Beogh smites you!
* * * LOW HITPOINT WARNING * * *
The cyclops throws a large rock.
The large rock hits you!!
You die...

##### #÷..# #÷..#
######...# #...##.### #
#...###)# #'###
#.<.###.######.oW...
.###....###.##.@').o...
#...........÷...##..K...
#####.........### .C...
#.<.......# ....
########.## ##' ..# .###
(# #+


You could see a cyclops, a wraith, a big kobold, an orc priest and an orc
wizard.

Vanquished Creatures
  3 two-headed ogres
  Pikel (D:6)
  Psyche (D:8)
  Joseph (D:7)
  The ghost of kegs the Skirmisher, an amateur HOFi of Okawaru (D:5)
  A wyvern (D:10)
  Sigmund (D:5)
  Grum (D:8)
  Menkaure (D:4)
  2 water moccasins
  4 slaves (D:6)
  A sky beast (D:6)
  2 ice beasts (D:8)
  2 orc warriors
  3 ogres
  2 phantoms
  A necrophage (D:5)
  5 centaurs
  3 wolves (D:8)
  A crocodile (D:8)
  2 big kobolds (D:7)
  7 bullfrogs
  A wyvern zombie (D:8)
  3 scorpions
  A water moccasin skeleton (D:7)
  9 killer bees
  6 howler monkeys
  4 crimson imps
  2 quasits (D:10)
  4 hounds
  3 orc priests
  4 jellies
  A bullfrog skeleton (D:10)
  A centaur skeleton (D:5)
  8 orc wizards
  Ijyb (D:3)
  5 iguanas
  10 worker ants
  A worker ant zombie (D:10)
  8 gnolls
  14 adders
  2 oozes
  2 adder zombies (D:5)
  An adder skeleton (D:5)
  3 worms (D:2)
  2 dart slugs (D:2)
  4 leopard geckos
  28 orcs
  7 bats
  6 giant cockroaches
  10 hobgoblins
  12 jackals
  16 kobolds
  5 quokkas
  A ball python (D:5)
  6 frilled lizards
  10 goblins
  2 jackal skeletons
  A quokka skeleton (D:10)
  2 rats
252 creatures vanquished.

Notes
Turn   | Place    | Note
-------+----------+-------------------------------------------
     0 | D:1      | mortelune the Draconian Fire Elementalist began the quest for the Orb.
     0 | D:1      | Reached XP level 1. HP: 14/14 MP: 3/3
   238 | D:1      | Reached XP level 2. HP: 20/20 MP: 3/5
   242 | D:1      | Learned a level 2 spell: Throw Flame
  1128 | D:2      | Reached skill level 2 in Conjurations
  1226 | D:2      | Reached XP level 3. HP: 24/26 MP: 0/6
  1231 | D:2      | Learned a level 3 spell: Conjure Flame
  1512 | D:2      | Noticed a water moccasin
  1525 | D:2      | Killed a water moccasin
  1525 | D:2      | Reached skill level 3 in Conjurations
  1525 | D:2      | Reached XP level 4. HP: 13/33 MP: 6/8
  1525 | D:2      | Reached XP level 5. HP: 15/38 MP: 6/9
  2900 | D:3      | Noticed Ijyb
  3461 | D:3      | Noticed a phantom
  3830 | D:3      | Found a transporter.
  3973 | D:3      | Killed Ijyb
  3973 | D:3      | Reached skill level 4 in Conjurations
  3974 | D:3      | Found a transporter.
  4252 | D:3      | Noticed Rhok's ghost (amateur DsGl)
  4891 | D:3      | Killed a phantom
  4891 | D:3      | Reached XP level 6. HP: 36/45 MP: 1/11
  5121 | D:4      | Found Wutej's Assorted Antiques.
  5136 | D:4      | Learned a level 4 spell: Sticky Flame
  5168 | D:4      | Bought a silvery potion for 15 gold pieces
  5168 | D:4      | Bought a scroll labeled QUKLAI RUIMY for 17 gold pieces
  5168 | D:4      | Bought a sapphire potion for 15 gold pieces
  5168 | D:4      | Bought a scroll of identify for 34 gold pieces
  5212 | D:4      | Found a glowing golden altar of the Shining One.
  5348 | D:4      | Noticed Menkaure
  5360 | D:4      | Killed Menkaure
  5360 | D:4      | Reached skill level 5 in Conjurations
  5770 | D:4      | Your scales start taking on a lurid green colour.
  5770 | D:4      | Reached XP level 7. HP: 50/50 MP: 6/12
  5770 | D:4      | Gained mutation: Your system is resistant to poisons. (rPois) [Green Draconian growth]
  5938 | D:4      | Found Ugeurchupo's Magic Scroll Emporium.
  6017 | D:4      | Found Izarghi's Antique Armour Emporium.
  6307 | D:4      | Found a basalt altar of Yredelemnul.
  6310 | D:4      | Found a shattered altar of Ashenzari.
  6316 | D:4      | Found an iron altar of Okawaru.
  6409 | D:5      | Entered Level 5 of the Dungeon
  6785 | D:5      | Reached skill level 5 in Fire Magic
  6982 | D:5      | Reached skill level 6 in Conjurations
  7580 | D:5      | Found a glowing silver altar of Zin.
  7800 | D:5      | Noticed kegs's ghost (amateur HOFi)
  7813 | D:5      | Killed kegs's ghost
  7813 | D:5      | Reached XP level 8. HP: 52/57 MP: 3/15
  7851 | D:5      | Learned a level 5 spell: Fireball
  8083 | D:5      | Noticed Sigmund
  8212 | D:5      | Killed Sigmund
  8212 | D:5      | Reached skill level 5 in Spellcasting
  8212 | D:5      | Reached skill level 7 in Conjurations
  9205 | D:6      | Found an opulent altar of Gozag.
  9646 | D:6      | Reached skill level 8 in Conjurations
  9660 | D:6      | Found an ancient bone altar of Kikubaaqudgha.
  9710 | D:6      | Noticed Pikel
  9837 | D:6      | Found a snail-covered altar of Cheibriados.
 10098 | D:6      | Killed Pikel
 10098 | D:6      | Reached XP level 9. HP: 42/62 MP: 9/17
 10307 | D:7      | Noticed Joseph
 10365 | D:7      | Killed Joseph
 10365 | D:7      | Reached skill level 9 in Conjurations
 10853 | D:4      | Became a worshipper of Ashenzari the Shackled
 11553 | D:7      | Found a sparkling altar of Nemelex Xobeh.
 11684 | D:7      | Found a staircase to the Ecumenical Temple.
 12308 | D:8      | Noticed Psyche
 12311 | D:8      | Killed Psyche
 12318 | D:7      | Reached skill level 10 in Conjurations
 12993 | D:8      | Reached XP level 10. HP: 66/69 MP: 10/20
 13112 | D:8      | Found a transporter.
 13126 | D:8      | Found an iron altar of Okawaru.
 13155 | D:8      | Learned a level 4 spell: Summon Lightning Spire
 13223 | D:8      | Noticed Grum
 13234 | D:8      | Killed Grum
 13387 | D:8      | Reached skill level 1 in Fighting
 13560 | D:8      | Reached skill level 1 in Summonings
 14164 | D:8      | Found a transporter.
 14279 | D:8      | Reached * piety under Ashenzari
 14589 | D:4      | Bought a scroll of remove curse for 33 gold pieces
 14589 | D:4      | Bought a scroll of magic mapping for 38 gold pieces
 16424 | D:10     | Entered Level 10 of the Dungeon
 17424 | D:10     | Noticed a two-headed ogre
 17441 | D:10     | Killed a two-headed ogre
 17820 | D:10     | Noticed a two-headed ogre
 17828 | D:10     | Killed a two-headed ogre
 17828 | D:10     | Reached XP level 11. HP: 64/83 MP: 2/22
 18774 | D:4      | Bought a scorched buckler for 275 gold pieces
 18779 | D:4      | Identified the +0 buckler of Fyonnek {+Fly MR+} (You bought it in a shop on level 4 of the Dungeon)
 19036 | D:11     | Noticed a two-headed ogre
 19042 | D:11     | Killed a two-headed ogre
 19042 | D:11     | Reached skill level 1 in Shields
 19042 | D:11     | Reached skill level 11 in Conjurations
 19138 | D:11     | Reached skill level 5 in Summonings
 19140 | D:11     | Hit by a large rock thrown by a cyclops

Skill      XL: |  1  2  3  4  5  6  7  8  9 10 11 |
---------------+----------------------------------+-----
Conjurations   | 2 3 4 5 6 8 10 11 | 11.0
Spellcasting   | 3 4 5 6 7 |  7.8
Fire Magic     | 4 5 6 7 8 |  8.8
Fighting       | 3 4 |  4.2
Summonings     | 4 5 |  5.0
Shields        | 1 |  1.2
Dodging        | |  1.7
Stealth        | |  1.7

Action                   |  1- 3 |  4- 6 |  7- 9 | 10-12 || total
-------------------------+-------+-------+-------+-------++-------
Melee: Unarmed           |     1 |       |       |       ||     1
       Dagger            |    10 |    12 |       |       ||    22
       Tailslap          |     1 |       |     8 |       ||     9
       Long sword        |       |       |    53 |     9 ||    62
 Cast: Flame Tongue      |    24 |    89 |   113 |   102 ||   328
       Throw Flame       |     6 |    41 |    56 |    77 ||   180
       Conjure Flame     |       |     1 |     1 |       ||     2
       Sticky Flame      |       |     1 |    27 |    14 ||    42
       Fireball          |       |       |    13 |    17 ||    30
Invok: Curse Item        |       |       |       |     1 ||     1
 Abil: Breathe Noxious F |       |       |       |     1 ||     1
  Use: Scroll            |     4 |     7 |     3 |     9 ||    23
       Potion            |     1 |     1 |       |       ||     2
  Eat: Chunk             |     2 |    14 |    18 |    16 ||    50
       Ration            |       |       |     4 |     3 ||     7
Armor: Skin              |     5 |    19 |    33 |    28 ||    85
Dodge: Dodged            |    11 |    40 |    72 |    43 ||   166
Block: Buckler           |       |       |       |     1 ||     1
       Rpst.: Long sword |       |       |    21 |    14 ||    35
